 Dungeon Crawl Stone Soup version 0.27.1-3-gb3d3a73c9e (webtiles) character file.

Game seed: 8600385258376063414

3996 MiernyMiazsz the Carver (level 10, 0/88 HPs)
             Began as a Minotaur Fighter on Oct 14, 2021.
             Slain by an orc warrior (6 damage)
             ... on level 8 of the Dungeon.
             The game lasted 00:21:21 (8348 turns).

MiernyMiazsz the Carver (Minotaur Fighter)          Turns: 8348, Time: 00:21:22

Health: 0/88       AC: 21    Str: 24    XL:     10   Next: 3%
Magic:  9/9        EV:  7    Int:  5    God:
Gold:   383        SH: 12    Dex: 16    Spells: 9/9 levels left

rFire    . . .     SeeInvis +   a - +0 long sword
rCold    . . .     Faith    .   c - +0 kite shield
rNeg     . . .     Spirit   .   w - +1 plate armour
rPois    .         Reflect  .   (helmet restricted)
rElec    .         Harm     .   (no cloak)
rCorr    .         Rampage  .   n - +2 pair of gloves
Will     .....                  j - +2 pair of boots
Stlth    ..........             (no amulet)
HPRegen  0.24/turn              e - ring of see invisible
MPRegen  0.11/turn              r - +6 ring of dexterity

@: no status effects
A: horns 2, retaliatory headbutt
a: no special abilities


You were on level 8 of the Dungeon.
You visited 1 branch of the dungeon, and saw 8 of its levels.

You collected 383 gold pieces.

Inventory:

Hand Weapons
 a - a +0 long sword (weapon)
 f - a +3 halberd
 m - a +1 short sword of protection
 x - a +1 vorpal hand axe
Missiles
 o - 2 throwing nets (quivered)
Armour
 b - a +1 scale mail
 c - a +0 kite shield (worn)
 j - a +2 pair of boots (worn)
 n - a +2 pair of gloves (worn)
 w - a +1 plate armour (worn)
Jewellery
 e - a ring of see invisible (left hand)
 r - a +6 ring of dexterity (right hand)
Wands
 q - a wand of iceblast (7)
 v - a wand of flame (31)
Scrolls
 g - 2 scrolls of amnesia
 h - 3 scrolls of vulnerability
 i - a scroll of blinking
 t - 5 scrolls of identify
 y - a scroll of fear
 z - a scroll of enchant weapon {unknown}
Potions
 d - 5 potions of might
 k - 2 potions of mutation
 l - a potion of flight
 p - a potion of magic
 s - 2 potions of cancellation
 u - 2 potions of lignification


   Skills:
 + Level 8.0 Fighting
 + Level 10.7 Long Blades
 + Level 8.9 Armour
 + Level 3.1 Dodging
 + Level 1.1 Stealth
 + Level 8.4 Shields


You had 9 spell levels left.
You didn't know any spells.
Your spell library contained the following spells:

 Spells                   Type           Power      Damage    Failure   Level
 Foxfire                  Conj/Fire      0%         2x1d4     100%        1
 Shock                    Conj/Air       0%         1d3       100%        1
 Corpse Rot               Necr/Air       N/A        N/A       100%        2
 Static Discharge         Conj/Air       0%         N/A       100%        2
 Conjure Flame            Conj/Fire      0%         6-21      100%        3
 Frozen Ramparts          Ice            0%         1d2       100%        3
 Inner Flame              Hex/Fire       0%         N/A       100%        3
 Ozocubu's Armour         Ice            0%         N/A       100%        3
 Swiftness                Air            0%         N/A       100%        3
 Airstrike                Air            0%         N/A       100%        4
 Dispel Undead            Necr           0%         3d6       100%        4
 Ice Form                 Ice/Tmut       0%         N/A       100%        4
 Summon Ice Beast         Ice/Summ       0%         N/A       100%        4
 Lightning Bolt           Conj/Air       0%         1d11      100%        5
 Death Channel            Necr           0%         N/A       100%        6
 Ozocubu's Refrigeration  Ice            0%         4d5       100%        7
 Maxwell's Capacitive Co  Air            0%         ∞         100%        8


Dungeon Overview and Level Annotations

Branches:
Dungeon (8/15)             Temple (0/1) D:6
   Lair: D:8-11

Altars:
Vehumet

Shops:
D:5 :


Innate Abilities, Weirdness & Mutations

You have a pair of horns on your head.
You reflexively headbutt those who attack you in melee.


Message History

You closely miss the orc warrior. You headbutt the orc warrior.
The orc warrior is lightly wounded.
You block the orc warrior's attack.
You hit the orc warrior but do no damage.
The orc warrior is lightly wounded.
You block the orc warrior's attack.
You hit the orc warrior. Your headbutt misses the orc warrior.
The orc warrior is lightly wounded.
The orc warrior hits you with a +0 dire flail!
* * * LOW HITPOINT WARNING * * *
You hit the orc warrior but do no damage.
The orc warrior is lightly wounded.
You block the orc warrior's attack.
You hit the orc warrior but do no damage.
You headbutt the orc warrior.
The orc warrior is moderately wounded.
The orc warrior closely misses you.
You hit the orc warrior but do no damage.
You headbutt the orc warrior, but do no damage.
The orc warrior is moderately wounded.
You block the orc warrior's attack.
You hit the orc warrior but do no damage.
You headbutt the orc warrior, but do no damage.
The orc warrior is moderately wounded.
The orc warrior hits you but does no damage.
You closely miss the orc warrior. You headbutt the orc warrior!
The orc warrior is severely wounded.
The orc warrior hits you with a +0 dire flail!
* * * LOW HITPOINT WARNING * * *
Blink to where?
Press: ? - help, Dir - move target
As you read the scroll of blinking, it crumbles to dust.
The orc wizard casts a spell.
The orc wizard flickers and vanishes for a moment.
The orc warrior hits you with a +0 dire flail!
* * * LOW HITPOINT WARNING * * *
You hit the orc warrior but do no damage.
The orc warrior is heavily wounded.
The orc warrior hits you with a +0 dire flail.
You die...

###.################.#<###.######
............<......#.#...#....#..
............<........#.#.#.......
.......)#####........#.#.####.#o#
#######)# #.####.....#......#.#
...# #.# #.#################.#
##.####.#####.#.....o...........#
...#..........#o#################
...##.#.#######.@...# ......#.#
#####.# ##..###.###########.#
....# #.#.........#.# .#..#
#.#.##...##.###
.#..###.#.##...##..#♣##
.#..............#..'..##
#######...........##♣..##
....#...#.#####...# #...#


You could see an orc warrior.

Vanquished Creatures
  A troll (D:8)
  4 yaks (D:8)
  A steam dragon (D:8)
  3 sky beasts
  2 ice beasts
  A black bear (D:6)
  A necrophage (D:6)
  2 orc warriors
  An ogre (D:7)
  3 centaurs
  A kobold brigand (D:8)
  Blork the orc (D:6)
  6 bullfrogs
  3 scorpions
  A wyvern skeleton (D:7)
  2 howler monkeys (D:5)
  A bullfrog zombie (D:5)
  A crimson imp (D:6)
  2 gnoll shamans
  4 centaur zombies
  4 orc priests
  2 hounds
  3 jellies
  3 centaur skeletons
  Natasha (twice) (D:2)
  3 orc wizards
  A killer bee zombie (D:7)
  A hound skeleton (D:4)
  Robin (D:2)
  3 adders
  13 gnolls
  A howler monkey skeleton (D:7)
  A shadow imp (D:6)
  2 white imps (D:6)
  3 ufetubi (D:6)
  3 worms
  An adder skeleton (D:4)
  2 dart slugs
  37 orcs
  7 endoplasms
  5 giant cockroaches
  11 goblins
  6 hobgoblins
  3 jackals (D:4)
  3 quokkas
  7 ball pythons
  7 bats
  6 frilled lizards
  8 kobolds
  8 rats
198 creatures vanquished.

Vanquished Creatures (others)
  An orc (D:8)
  22 fungi
  15 plants (D:8)
38 creatures vanquished.

Grand Total: 236 creatures vanquished

Notes
Turn   | Place    | Note
-------+----------+-------------------------------------------
     0 | D:1      | MiernyMiazsz the Minotaur Fighter began the quest for the
                  | Orb.
     0 | D:1      | Reached XP level 1. HP: 19/19 MP: 0/0
   345 | D:1      | Reached XP level 2. HP: 25/27 MP: 1/1
   377 | D:1      | Found a faded altar of an unknown god.
   909 | D:1      | Reached skill level 3 in Long Blades
   909 | D:1      | Reached XP level 3. HP: 31/33 MP: 2/2
  1198 | D:2      | Noticed Natasha
  1201 | D:2      | Killed Natasha
  1202 | D:2      | Reached XP level 4. HP: 35/41 MP: 3/3
  1812 | D:2      | Noticed Robin
  1816 | D:2      | Noticed Natasha
  1844 | D:2      | Killed Robin
  1857 | D:2      | Killed Natasha
  1858 | D:2      | Reached skill level 4 in Long Blades
  1858 | D:2      | Reached skill level 1 in Dodging
  1858 | D:2      | Reached XP level 5. HP: 15/47 MP: 4/4
  3484 | D:4      | Reached skill level 5 in Armour
  3484 | D:4      | Reached XP level 6. HP: 54/55 MP: 5/5
  3536 | D:4      | Reached skill level 5 in Long Blades
  3752 | D:5      | Entered Level 5 of the Dungeon
  3818 | D:5      | Found Toxegeg's Book Boutique.
  3845 | D:5      | Reached skill level 5 in Fighting
  4216 | D:5      | Reached skill level 6 in Long Blades
  4243 | D:5      | Noticed a sky beast
  4253 | D:5      | Killed a sky beast
  4254 | D:5      | Reached skill level 5 in Shields
  4254 | D:5      | Reached XP level 7. HP: 45/61 MP: 6/6
  4523 | D:5      | Reached skill level 7 in Long Blades
  4591 | D:5      | HP: 3/61 [poisoned by a scorpion]
  5252 | D:6      | Reached XP level 8. HP: 69/69 MP: 7/7
  5258 | D:6      | Found a staircase to the Ecumenical Temple.
  5263 | D:6      | Reached skill level 8 in Long Blades
  5462 | D:6      | Found a radiant altar of Vehumet.
  5537 | D:6      | Reached skill level 1 in Stealth
  5905 | D:6      | Reached skill level 9 in Long Blades
  5920 | D:6      | Noticed Blork the orc
  5930 | D:6      | Killed Blork the orc
  6511 | D:7      | Reached XP level 9. HP: 78/78 MP: 8/8
  7258 | D:8      | Noticed a troll
  7269 | D:8      | Killed a troll
  7443 | D:8      | Reached skill level 10 in Long Blades
  7992 | D:8      | Reached XP level 10. HP: 88/88 MP: 9/9
  8348 | D:8      | Slain by an orc warrior

Illustrated notes

Levels and vault maps discovered:
D:1:      dpeg_cavernosity, layout_basic,
          shapermc_ecumenical_altar_totnotflames, chequers_arboretum
D:2:      layout_basic, uniq_natasha, uniq_robin
D:3:      layout_basic, minmay_misc_feat_pillars
D:4:      layout_rooms, glass_columns_b
D:5:      layout_basic, serial_shops, nicolae_shop_waterfront, enter_ossuary_2,
          hex_medium, serial_bayou_lagoon_b
D:6:      layout_cave_pools, mainiacjoe_overflow_brackets,
          minmay_temple_entry_trees, minmay_fire_ice_demons, uniq_blork_the_orc
D:7:      layout_basic
D:8:      layout_basic, grunt_lair_entry_orc_guard_hut, grunt_ministairs_8,
          blue_anna_alchemist, uniq_pikel

Skill      XL: |  1  2  3  4  5  6  7  8  9 |
---------------+----------------------------+-----
Fighting       | 4 5 6 8 |  8.0
Shields        | 4 5 6 8 |  8.4
Long Blades    | 3 4 6 7 9 10 | 10.7
Armour         | 4 5 7 8 |  8.9
Dodging        | 1 2 3 |  3.1
Stealth        | 1 |  1.1

Action                   |  1- 3 |  4- 6 |  7- 9 | 10-12 || total
-------------------------+-------+-------+-------+-------++-------
Melee: Long sword        |    65 |   213 |   289 |    29 ||   596
       Headbutt          |    12 |    47 |    88 |     9 ||   156
  Use: Scroll            |       |     8 |     3 |     3 ||    14
       Potion            |       |       |     1 |       ||     1
Armor: Scale mail        |    30 |   132 |    62 |       ||   224
       Plate armour      |       |       |   104 |     8 ||   112
Dodge: Dodged            |    16 |    89 |   105 |     4 ||   214
Block: Kite shield       |    28 |   125 |   181 |     9 ||   343
       Rpst.: Long sword |     4 |    15 |    19 |     1 ||    39
